 Dungeon Crawl Stone Soup version 0.32-a0-791-gfc315c9ecd (webtiles) character file.

Game seed: 10217854948951353634

30 Esekla the Sneak (level 3, 22/26 HPs)
             Began as an Octopode Delver on Mar 20, 2024.
             Quit the game on level 5 of the Dungeon.
             The game lasted 00:00:50 (52 turns).

Esekla the Sneak (Octopode Delver)                    Turns: 52, Time: 00:00:51

Health: 22/26      AC:  1    Str: 11    XL:     3   Next: 18%
Magic:  2/4        EV: 12    Int: 14    God:
Gold:   32         SH:  0    Dex: 13    Spells: 3/3 levels left

rFire   . . .        a - +0 falchion
rCold   . . .        (no shield)
rNeg    . . .        (helmet restricted)
rPois   .            (no amulet)
rElec   .            (no ring)
rCorr   .            (no ring)
SInv    .            (no ring)
Will    .....        (no ring)
Stlth   ++++         (no ring)
HPRegen 0.24/turn    (no ring)
MPRegen 0.09/turn    (no ring)
                     (no ring)

%: no passive effects
@: no status effects
A: almost no armour, amphibious, 8 rings, camouflage 1, gelatinous body 1,
(nimble swimmer 1), tentacles
a: no special abilities


You were on level 5 of the Dungeon.
You visited 1 branch of the dungeon, and saw 1 of its levels.

You collected 32 gold pieces.

Inventory:

Hand Weapons
 a - a +0 falchion (weapon)
Wands
 f - a wand of digging (3)
Scrolls
 b - a scroll of fog
 d - a scroll of fear
Potions
 e - a potion of haste
 g - a potion of enlightenment {unknown}


   Skills:
 * Level 3.2 Fighting
 + Level 2.0 Long Blades
 * Level 2.2 Dodging
 + Level 7.2 Stealth
 * Level 0.9 Spellcasting


You had 3 spell levels left.
You didn't know any spells.
Your spell library was empty.

Dungeon Overview and Level Annotations

Branches:
Dungeon (5/15)
 Temple: D:4-7

Altars:
Ashenzari
Wu Jian


Innate Abilities, Weirdness & Mutations

You cannot wear most types of armour.
You are amphibious.
You can wear up to eight rings at the same time.
Your skin changes colour to match your surroundings (Stealth+).
Your rubbery body absorbs attacks. (AC +1, EV +1)
((You are camouflaged when in or above water. (Stealth+)))
You have tentacles for arms and can constrict up to eight enemies at once.


Message History

You hear the sound of rushing water.
There is an entrance to a sewer on this level.
Hurry and find it before the portal rusts away!
Welcome, Esekla the Octopode Delver.
It's a long way down to the Orb of Zot, but that shouldn't be any trouble.
Press ? for a list of commands and other information.
Found 17 gold pieces and a white potion.
Found a stone staircase leading down.
g - a white potion You now have 17 gold pieces.
As you read the scroll of revelation, it crumbles to dust.
You feel aware of your surroundings.
You sensed 2 altars, and 1 shop/portal.
There is a stone staircase leading down here.
A hound comes into view.
The hound barks!
You hit the hound. Your grab misses the hound. You squeeze the hound.
The hound is heavily wounded.
The hound misses you. The hound bites you.
You hit the hound. You grab the hound. You squeeze the hound.
The hound is almost dead.
You constrict the hound.
You kill the hound!
Your Stealth skill increases to level 7!
You have reached level 2!
You have reached level 3!
Your experience leads to an increase in your attributes!
Increase (S)trength, (I)ntelligence, or (D)exterity?
You feel clever. x2
Found 15 gold pieces.
You now have 32 gold pieces (gained 15).
You hear the slow rusting of a very distant drain.
You open the door.
Found a broken altar of Ashenzari.
Found an ornate altar of the Wu Jian Council.
There is an open door here.
Are you sure you want to abandon this character and quit the game? (Confirm with "yes".)

,*****,* ##.######.#. ,,,,,,,*
#........... ,*,**,,*
##.######... ,*,**,,***** #.#
##.. ,*,,,,,,,,,* #.# ##.
,,,,,,,***,* #.# #. ,,,,,,** *,**
###### #.# #. ******* *,,*
#....###.# *#+ ** **,*
*#@##...#.# **,, ,** ****,*
#~.~###.#.# **,,, ,,**
**,**,**#...##....# **,,,,
,,,****,,,*,**._._.#....#***,,,,,
,,,+,,,,,,,,,###ß###......,+,>,,,
,,,****,,,*,** ###.......##*,,,,,
,,** **,,,,* *.###..#.# **,,,,
,** **,*** #,* #.##.# **,,, **
*,* *,**#.#*.# **,,


There were no monsters in sight!

Vanquished Creatures
  A hound (D:5)
1 creature vanquished.

Notes
Turn   | Place    | Note
-------+----------+-------------------------------------------
     0 | D:5      | Esekla the Octopode Delver began the quest for the Orb.
     0 | D:5      | Reached XP level 1. HP: 16/16 MP: 1/1
    35 | D:5      | Noticed a hound
    39 | D:5      | Killed a hound
    40 | D:5      | Reached skill level 7 in Stealth
    40 | D:5      | Reached XP level 2. HP: 15/21 MP: 1/3
    40 | D:5      | Reached XP level 3. HP: 19/26 MP: 1/4
    50 | D:5      | Found a broken altar of Ashenzari.
    51 | D:5      | Found an ornate altar of the Wu Jian Council.
    52 | D:5      | Quit the game

Illustrated notes

Levels and vault maps discovered:
D:5:      layout_loops_corners, gammafunk_temple_overflow_statue,
          gup_sewer_entry_bowl

Skill      XL: |  1 |
---------------+----+-----
Stealth        | 7 |  7.2
Fighting       | |  3.2
Long Blades    | |  2.0
Dodging        | |  2.2
Spellcasting   | |  0.9

Action                     || total
---------------------------++-------
  Melee: Falchion          ||     2
         Tentacles         ||     2
         Constrict         ||     1
    Use: Scroll            ||     1
 Armour: Skin              ||     1
  Dodge: Dodged            ||     1

Table legend: (Time is in decaauts)
 A = Elapsed time spent in this place.
 B = Non-inter-level travel time spent in this place.
 C = Inter-level travel time spent in this place.
 D = Time resting spent in this place.
 E = Time spent auto-exploring this place.
 F = Levels seen in this place.
 G = Mean time per level.
                   A        B        C        D        E       F      G
               +--------+--------+--------+--------+--------+-----+--------+
         Total |     52 |     52 |      0 |      0 |      0 |   1 |   52.0 |
       Dungeon |     52 |     52 |      0 |      0 |      0 |   1 |   52.0 |
               +--------+--------+--------+--------+--------+-----+--------+

Top non-repeatable levels by time:
     D:5: 52 daAuts
